 Dungeon Crawl Stone Soup version 0.19-a0-1720-gc855d72 (webtiles) character file.

1022 kae the Slasher (level 8, -8/65 HPs)
             Began as a Formicid Fighter on Sept 29, 2016.
             Mangled by an ogre
             ... wielding a +0 giant club
              (21 damage)
             ... on level 4 of the Dungeon.
             The game lasted 00:05:29 (4325 turns).

kae the Slasher (Formicid Fighter)                  Turns: 4325, Time: 00:05:30

Health: -8/65      AC:  7    Str: 23    XL:     8   Next: 46%
Magic:  8/8        EV:  7    Int:  8    God:
Gold:   170        SH: 10    Dex: 10    Spells: 0 memorised, 7 levels left

rFire  . . .     SeeInvis +     a - +0 long sword
rCold  . . .     Gourm    .     b - +0 scale mail
rNeg   . . .     Faith    .     c - +1 shield
rPois  .         Spirit   .     (helmet unavailable)
rElec  .         Dismiss  .     (no cloak)
rCorr  +         Reflect  .     (no gloves)
MR     +....     Harm     .     (no boots)
Stlth  ..........               (no amulet)
                                n - ring of protection from magic
                                j - ring of resist corrosion

@: lethally poisoned (-8 -> -9), drained
A: permanent stasis, dig shafts and tunnels, four strong arms, antennae 3
a: Dig, Shaft Self


You were on level 4 of the Dungeon.
You were hungry.

You visited 1 branch of the dungeon, and saw 4 of its levels.
You also visited: Ossuary.

You collected 170 gold pieces.

Inventory:

Hand Weapons
 a - a +0 long sword (weapon)
Armour
 b - a +0 scale mail (worn)
 c - a +1 shield (worn)
Jewellery
 i - a +2 ring of protection {unknown}
 j - a ring of resist corrosion (left hand)
 n - a ring of protection from magic (right hand)
 t - an uncursed ring of ice {unknown}
 w - an uncursed ring of protection from fire {unknown}
Wands
 v - a wand of acid (8/15)
Scrolls
 g - 2 scrolls of remove curse
 k - 4 scrolls of identify
 p - 3 scrolls of teleportation
 q - a scroll of magic mapping {unknown}
 r - 2 scrolls of fear
 s - a scroll of enchant armour
 u - a scroll of noise {unknown}
Potions
 e - a potion of degeneration {unknown}
 h - 2 potions of magic
Books
 m - a book of Frost

   Spells                             Type                      Level
   a - Freeze                         Ice                          1
   b - Throw Frost                    Conjuration/Ice              2
   c - Ozocubu's Armour               Charms/Ice                   3
   d - Throw Icicle                   Conjuration/Ice              4
   e - Summon Ice Beast               Ice/Summoning                4
 o - a book of Ice

   Spells                             Type                      Level
   a - Ice Form                       Ice/Transmutation            4
   b - Metabolic Englaciation         Hexes/Ice                    5
   c - Ozocubu's Refrigeration        Ice                          6
   d - Bolt of Cold                   Conjuration/Ice              6
   e - Freezing Cloud                 Conjuration/Ice/Air          6
   f - Simulacrum                     Ice/Necromancy               6
Comestibles
 d - 7 chunks of flesh
 f - 6 bread rations
 l - 2 meat rations


   Skills:
 + Level 6.7(6.0) Fighting
 * Level 7.8(7.1) Long Blades
 - Level 3.2(2.6) Armour
 - Level 3.6(2.9) Shields


You had 7 spell levels left.
You didn't know any spells.

Dungeon Overview and Level Annotations

Branches:
Dungeon (4/15)
 Temple: D:4-7

Altars:
Ashenzari
Kikubaaqudgha


Innate Abilities, Weirdness & Mutations

You are under a permanent stasis effect.
You can dig through walls and to a lower floor.
Your four strong arms can wield two-handed weapons with a shield.
You have a pair of large antennae on your head. (SInv)


Message History

You hit the ogre but do no damage.
The ogre is heavily wounded.
The ogre completely misses you.
You barely miss the ogre.
The ogre is heavily wounded.
You feel sick. You block the ogre's attack.
You hit the ogre.
The ogre is heavily wounded.
The ogre barely misses you.
Your shield and scale mail prevent you from hitting the ogre.
The ogre is heavily wounded.
You are feeling hungry.
You slash the ogre!
The ogre is almost dead.
You feel sick. The ogre hits you with a giant club!
* * * LOW HITPOINT WARNING * * *
You barely miss the ogre.
The ogre is almost dead.
The ogre hits you with a giant club!!
You die...

. #. ... ###
.... #.. .....
#.##
.....w#..#######
.....hO@.......#
......####...#.#
..... ##.##.#
.... ####.# ...
##.#.# #'
##.#..# #.
#.###.# ####.##
##.#.## ......#
##.##


You could see an ogre, a worm and a jackal.

Vanquished Creatures
  Grinder (D:4)
  An ogre (D:4)
  A bullfrog (D:4)
  2 scorpions (D:4)
  3 orc priests
  A hound (D:4)
  2 orc wizards
  Jessica (D:2)
  A worker ant (D:4)
  A big kobold zombie (Ossuary)
  2 hound skeletons (D:4)
  2 mummies (Ossuary)
  Robin (D:4)
  14 gnolls
  An adder (D:4)
  2 oozes
  An adder skeleton (D:4)
  A dart slug (D:1)
  2 leopard geckos
  19 orcs
  A ball python (D:4)
  2 giant cockroaches (D:2)
  16 goblins
  7 hobgoblins
  5 jackals
  2 quokkas
  5 bats
  3 frilled lizards
  3 hobgoblin zombies (Ossuary)
  6 kobolds
  A kobold zombie (Ossuary)
  3 orc zombies (Ossuary)
  2 rats
115 creatures vanquished.

Notes
Turn   | Place    | Note
-------+----------+-------------------------------------------
     0 | D:1      | kae the Formicid Fighter began the quest for the Orb.
     0 | D:1      | Reached XP level 1. HP: 18/18 MP: 1/1
   132 | D:1      | Reached XP level 2. HP: 16/24 MP: 2/2
   357 | D:1      | Reached XP level 3. HP: 26/30 MP: 3/3
   597 | D:2      | Reached skill level 3 in Long Blades
   679 | D:2      | Noticed Jessica
   683 | D:2      | Killed Jessica
   683 | D:2      | Reached XP level 4. HP: 27/37 MP: 4/4
  1137 | D:3      | Reached XP level 5. HP: 34/43 MP: 5/5
  1145 | D:3      | Reached skill level 4 in Long Blades
  1543 | D:3      | Found a shattered altar of Ashenzari.
  1857 | D:3      | Reached XP level 6. HP: 50/50 MP: 6/6
  2144 | D:3      | Reached skill level 5 in Fighting
  2144 | D:3      | Reached skill level 5 in Long Blades
  2170 | D:3      | Found an ancient bone altar of Kikubaaqudgha.
  2511 | D:4      | Reached XP level 7. HP: 44/56 MP: 7/7
  2515 | D:4      | Noticed Grinder
  2525 | D:4      | Killed Grinder
  2525 | D:4      | Reached skill level 6 in Long Blades
  2531 | D:4      | HP: 2/57 [orc priest/divine providence (16)]
  2862 | D:4      | Found a sand-covered staircase.
  2871 | Ossuary  | Entered an ossuary
  2927 | Ossuary  | Reached XP level 8. HP: 52/64 MP: 8/8
  2971 | Ossuary  | Reached skill level 7 in Long Blades
  3933 | D:4      | Noticed Robin
  3963 | D:4      | Killed Robin
  4325 | D:4      | Mangled by an ogre

Vault maps used:
D:1:      lemuel_arrival_rhombus
D:2:      due_unseen_surprise, uniq_jessica
D:3:      lemuel_coloured_pillars_altar, first_bread, ashenzari_altar_1
D:4:      nicolae_ossuary_entry_ruins, trog_book, uniq_grinder, uniq_robin
Ossuary:  ossuary_tomb_3

Skill      XL: |  1  2  3  4  5  6  7  8 |
---------------+-------------------------+-----
Long Blades    | 3 4 5 6 7 |  7.8
Fighting       | 4 5 6 |  6.7
Armour         | |  3.2
Shields        | |  3.6

Action                   |  1- 3 |  4- 6 |  7- 9 || total
-------------------------+-------+-------+-------++-------
Melee: Long sword        |   110 |   178 |   210 ||   498
 Abil: Dig               |       |     5 |     2 ||     7
  Use: Scroll            |       |     7 |     1 ||     8
       Potion            |       |       |     3 ||     3
  Eat: Chunk             |       |     6 |     6 ||    12
Armor: Scale mail        |    66 |    46 |    41 ||   153
Dodge: Dodged            |    41 |    47 |    49 ||   137
Block: Shield            |    69 |    65 |    81 ||   215
